 Dungeon Sprint DCSS version 0.23-a0-180-ga5275e7 (webtiles) character file.

3733 Fang the Cleaver (level 10, 0/74 HPs)
             Began as a Gargoyle Berserker on Sept 18, 2018.
             Was a High Priest of Trog.
             Slain by a merfolk
             ... wielding a +0 trident
              (9 damage)
             ... in the Dungeon (Sprint V: "Ziggurat Sprint").
             The game lasted 00:03:57 (844 turns).

Fang the Cleaver (Gargoyle Berserker)                Turns: 844, Time: 00:03:58

Health: 0/74       AC: 26    Str: 29    XL:     10   Next: 14%
Magic:  3/3        EV: 11    Int:  7    God:    Trog [*****.]
Gold:   0          SH:  0    Dex:  9    Spells: 9/9 levels left

rFire    + . .     SeeInvis +   B - +4 battleaxe (antimagic)
rCold    + + .     Gourm    .   (shield currently unavailable)
rNeg     + . .     Faith    .   j - +5 shadow dragon scales
rPois    ∞         Spirit   .   (no helmet)
rElec    +         Reflect  .   (no cloak)
rCorr    .         Harm     .   (no gloves)
MR       .....     NoTele   +   (no boots)
Stlth    +++.......             (no amulet)
HPRegen  0.22/turn              C - ring of Qeiron {rElec Stlth+}
MPRegen  0.08/turn              A - ring "Molal" {rElec rPois rF+ rC++ Str+4 SInv}

@: berserk cooldown, slowed, very slow
A: negative energy resistance 1, electricity resistance, unbreathing,
petrification resistance, rot immunity, AC +7
a: Berserk, Trog's Hand, Brothers in Arms, Renounce Religion


You were in the Dungeon.
You worshipped Trog.
Trog was extremely pleased with you.
You were not hungry.

You visited 1 branch

Inventory:

Hand Weapons
 a - a +2 hand axe of flaming
 k - a +5 executioner's axe
 z - the +1 battleaxe "Pyt Siad" {freeze, +Rage rN+}
   (You took it off a centaur in the Dungeon)

   It has been specially enchanted to freeze those struck by it, causing extra
   injury to most foes and up to half again as much damage against particularly
   susceptible opponents.
   It can also slow down cold-blooded creatures.
   It protects you from negative energy.
   It lets you go berserk.
 B - a +4 antimagic battleaxe (weapon)
Armour
 j - +5 shadow dragon scales (worn)
Jewellery
 A - the ring "Molal" (right hand) {rElec rPois rF+ rC++ Str+4 SInv}
   (You found it in the Dungeon)

   [ring of strength]

   It affects your strength (+4).
   It protects you from fire.
   It greatly protects you from cold.
   It insulates you from electricity.
   It protects you from poison.
   It lets you see invisible.
 C - the ring of Qeiron (left hand) {rElec Stlth+}
   (You found it in the Dungeon)

   [ring of stealth]

   It insulates you from electricity.
   It makes you more stealthy.
 D - a +6 ring of strength
Wands
 w - a wand of disintegration (7)
 x - a wand of iceblast (7)
 y - a wand of acid (7)
Scrolls
 i - 4 scrolls of blinking
 l - 7 scrolls of fog
 m - a scroll of holy word
 n - 5 scrolls of identify
 o - 4 scrolls of remove curse
 p - 2 scrolls of fear
Potions
 d - 10 potions of curing
 e - 9 potions of heal wounds
 f - 6 potions of haste
 g - 7 potions of magic
 h - 3 potions of berserk rage
 q - 2 potions of brilliance
 r - 2 potions of invisibility
 s - 4 potions of resistance
 t - a potion of experience
 u - 5 potions of agility
 v - 6 potions of might
Miscellaneous
 b - a box of beasts
Comestibles
 c - 6 rations


   Skills:
 + Level 13.8 Fighting
 + Level 14.7 Axes
 + Level 9.0 Armour
 + Level 5.6 Dodging
 + Level 0.8 Stealth


You had 9 spell levels left.
You didn't know any spells.
Your spell library was empty.

Dungeon Overview and Level Annotations

Branches:
Dungeon (1/1)

Altars:
Ashenzari
Cheibriados
Dithmenos
Elyvilon
Fedhas
Gozag
Hepliaklqana
Kikubaaqudgha
Makhleb
Nemelex Xobeh
Okawaru
Qazlal
Ru
Sif Muna
Trog
Uskayaw
Vehumet
Wu Jian
Xom
Yredelemnul
Zin
The Shining One
Beogh
Jiyva
Lugonu

Annotations:
D 1 transporter


Innate Abilities, Weirdness & Mutations

You are resistant to torment.
Your stone body is resilient. (AC +7)
You are immune to poison.
You resist negative energy. (rN+)
You are resistant to electric shocks. (rElec)
You can survive without breathing.
You are immune to petrification.
You are immune to rotting.


Message History

The centaur hits you but does no damage.
The centaur hits you.
* * * LOW HITPOINT WARNING * * *
The merfolk hits you but does no damage. x2
You hit the merfolk.
The merfolk is heavily wounded.
You slice the centaur!!
You kill the centaur!
Trog accepts your kill.
You hit the centaur. The centaur hits you.
* * * LOW HITPOINT WARNING * * *
The merfolk hits you from afar with a trident.
* * * LOW HITPOINT WARNING * * *
The merfolk closely misses you.
The merfolk hits you but does no damage.
The centaur hits you but does no damage.
The merfolk hits you from afar with a trident.
* * * LOW HITPOINT WARNING * * *
The merfolk hits you from afar with a trident!
You die...

▓...©...▓
▓▓▓▓▓▓▓▓▓
▓..8©8..▓
▓..)[[..▓
▓..||"..▓
▓.......▓
▓..mmm..▓
▓...mc..▓
▓...@)..▓
▓...(...▓
▓(.(©...▓
▓▓▓▓▓▓▓▓▓


You could see 4 merfolk and a centaur.

Vanquished Creatures
  A dancing weapon (D)
  2 deep elf magi (D)
  2 naga magi (D)
  2 yaktaurs (D)
  2 slime creatures (D)
  A spriggan (D)
  A golden eye (D)
  A water moccasin (D)
  A wolf (D)
  3 centaurs (D)
  2 jellies (D)
  An iron imp (D)
  A shadow imp (D)
  An ufetubus (D)
  A bat skeleton (D)
  3 ball pythons (D)
25 creatures vanquished.

Notes
Turn   | Place    | Note
-------+----------+-------------------------------------------
     0 | D        | Found the +6 Majin-Bo {vamp, Archmagi MP+6 Int+6}
     0 | D        | Found the +7 great mace "Firestarter" {inner flame, rF++}
     0 | D        | Fang the Gargoyle Berserker began the quest for the Orb.
     0 | D        | Reached XP level 1. HP: 14/14 MP: 1/1
     3 | D        | Found a blossoming altar of Fedhas.
     4 | D        | Found a viscous altar of Jiyva.
     4 | D        | Found a hazy altar of Hepliaklqana.
     4 | D        | Found a transporter.
     4 | D        | Found an opulent altar of Gozag.
     4 | D        | Found an ancient bone altar of Kikubaaqudgha.
     4 | D        | Found a corrupted altar of Lugonu.
     8 | D        | Found a burning altar of Makhleb.
     9 | D        | Found a sacrificial altar of Ru.
     9 | D        | Found a stormy altar of Qazlal.
     9 | D        | Found a deep blue altar of Sif Muna.
     9 | D        | Found an iron altar of Okawaru.
     9 | D        | Found a bloodstained altar of Trog.
     9 | D        | Found a sparkling altar of Nemelex Xobeh.
    68 | D        | Entered arena 2.
    68 | D        | Noticed a wolf
    68 | D        | Noticed a spriggan
    68 | D        | Found a transporter.
    74 | D        | Killed a wolf
    74 | D        | Reached skill level 5 in Axes
    74 | D        | Reached XP level 2. HP: 23/23 MP: 2/2
    74 | D        | Reached XP level 3. HP: 28/28 MP: 3/3
    74 | D        | Reached XP level 4. HP: 32/32 MP: 4/4
    79 | D        | Killed a spriggan
    79 | D        | Reached skill level 7 in Axes
    79 | D        | Reached XP level 5. HP: 35/40 MP: 5/5
    79 | D        | Reached XP level 6. HP: 39/45 MP: 6/6
   120 | D        | Entered arena 3.
   120 | D        | Noticed a hand axe of flaming
   120 | D        | Noticed a deep elf mage
   120 | D        | Noticed a deep elf mage
   120 | D        | Found a transporter.
   127 | D        | Killed a deep elf mage
   127 | D        | Reached ** piety under Trog
   127 | D        | Reached skill level 10 in Fighting
   127 | D        | Reached skill level 9 in Axes
   127 | D        | Reached skill level 5 in Armour
   127 | D        | Reached XP level 7. HP: 53/53 MP: 7/7
   133 | D        | Killed a deep elf mage
   133 | D        | Reached skill level 11 in Axes
   133 | D        | Reached XP level 8. HP: 38/60 MP: 8/8
   139 | D        | Killed a hand axe of flaming
   139 | D        | Reached *** piety under Trog
   139 | D        | Reached skill level 12 in Axes
   139 | D        | Reached skill level 5 in Dodging
   274 | D        | Entered arena 4.
   274 | D        | Noticed a yaktaur
   274 | D        | Noticed a yaktaur
   274 | D        | Found a transporter.
   279 | D        | Killed a yaktaur
   279 | D        | Reached XP level 9. HP: 56/67 MP: 9/9
   279 | D        | Killed a yaktaur
   280 | D        | Reached skill level 13 in Axes
   281 | D        | Reached **** piety under Trog
   283 | D        | Got the cursed +1 battleaxe "Pyt Siad" {freeze, +Rage rN+}
   344 | D        | Entered arena 5.
   344 | D        | Found a transporter.
   356 | D        | Got the ring "Molal" {rElec rPois rF+ rC++ Str+4 SInv}
   365 | D        | Entered arena 6.
   365 | D        | Found a transporter.
   371 | D        | Reached ***** piety under Trog
   476 | D        | Reached skill level 14 in Axes
   597 | D        | Entered arena 7.
   597 | D        | Noticed a naga mage
   597 | D        | Noticed a naga mage
   598 | D        | Found a transporter.
   600 | D        | Received a gift from Trog
   610 | D        | Killed a naga mage
   610 | D        | Reached XP level 10. HP: 74/74 MP: 10/10
   614 | D        | Killed a naga mage
   650 | D        | Got the ring of Qeiron {rElec Stlth+}
   834 | D        | Entered arena 8.
   835 | D        | Found a transporter.
   844 | D        | Slain by a merfolk

Vault maps used:
D:        sprint_v

Skill      XL: |  1  2  3  4  5  6  7  8  9 10 |
---------------+-------------------------------+-----
Fighting       | 6 8 10 11 12 13 | 13.8
Axes           | 5 7 9 11 12 14 | 14.7
Armour         | 3 4 5 6 7 8 9 |  9.0
Dodging        | 2 3 4 5 |  5.6
Stealth        | |  0.8

Action                   |  1- 3 |  4- 6 |  7- 9 | 10-12 || total
-------------------------+-------+-------+-------+-------++-------
Melee: Executioner's axe |     5 |    10 |    44 |     4 ||    63
       Battleaxe         |       |       |       |     2 ||     2
Invok: Berserk           |     1 |     1 |     1 |     1 ||     4
  Use: Potion            |       |       |     1 |       ||     1
       Scroll            |       |       |     1 |       ||     1
  Eat: Ration            |       |       |       |     1 ||     1
Armor: Shadow dragon sca |     5 |     8 |    52 |    20 ||    85
Dodge: Dodged            |     6 |     5 |    40 |    10 ||    61

Table legend:
 A = Non-vault XP
 B = Vault XP
 C = Vault XP percentage of total XP
 D = Non-vault monster count
 E = Vault monster count
 F = Vault count percentage of total count
                 A         B        C        D         E       F
            +---------+---------+-------+---------+---------+-------
      Total |       0 |    5334 | 100.0 |       0 |      25 | 100.0
            +---------+---------+-------+---------+---------+-------
          D |       0 |    5334 | 100.0 |       0 |      25 | 100.0
            +---------+---------+-------+---------+---------+-------
